 Dungeon Crawl Stone Soup version 0.18-a0-1166-g6e2d2a0 (webtiles) character file.

29 Banto the Caller (level 3, 0/14 HPs)
             Began as a Felid Summoner on Jan 26, 2016.
             Hit by a stone thrown by a goblin (3 damage)
             ... on level 1 of the Dungeon.
             The game lasted 00:01:56 (1584 turns).

Banto the Caller (Felid Summoner)                   Turns: 1584, Time: 00:01:56

Health: 0/14       AC:  1    Str:  4    XL:     3   Next: 1%
Magic:  4/7        EV: 18    Int: 17    God:
Gold:   28         SH:  0    Dex: 16    Spells: 1 memorised, 5 levels left
                                        Lives:  0   Deaths: 0

rFire  . . .     SeeInvis +       - Unarmed
rCold  . . .     Gourm    .     (armour unavailable)
rNeg   . . .     Faith    .     (shield unavailable)
rPois  .         Spirit   .     (helmet unavailable)
rElec  .         Dismiss  .     (cloak unavailable)
rCorr  .         Reflect  .     (gloves unavailable)
SustAt .         Harm     .     (boots unavailable)
MR     .....                    (no amulet)
Stlth  +++.......               (no ring)
                                (no ring)

@: quick, not resistant to hostile enchantments, fairly stealthy
A: no armour, no weapons or thrown items, claws 1, fangs 3, see invisible,
carnivore 3, speed 1, shaggy fur 1, slow metabolism 1, sharp paws
a: no special abilities


You were on level 1 of the Dungeon.
You were completely stuffed.

You visited 1 branch of the dungeon, and saw 1 of its levels.

You collected 28 gold pieces.

Inventory:

Scrolls
 c - a scroll of magic mapping {unknown}
 e - a scroll of immolation {unknown}
 f - a scroll of enchant weapon {unknown}
 g - a scroll of enchant armour {unknown}
 h - a scroll of noise {unknown}
Books
 a - a book of Callings

   Spells                             Type                      Level
   a - Summon Small Mammal            Summoning                    1
   b - Call Imp                       Summoning                    2
   c - Call Canine Familiar           Summoning                    3
   d - Summon Guardian Golem          Hexes/Summoning              3
   e - Summon Lightning Spire         Summoning/Air                4
   f - Summon Ice Beast               Ice/Summoning                4
Comestibles
 b - 3 meat rations
 d - 2 beef jerkies


   Skills:
 - Level 2.6 Dodging
 + Level 3.3 Stealth
 + Level 1.4 Unarmed Combat
 - Level 2.0 Spellcasting
 - Level 4.4 Summonings


You had 5 spell levels left.
You knew the following spells:

 Your Spells              Type           Power        Failure   Level  Hunger
a - Summon Small Mammal   Summ           ###.         3%          1    #......


Dungeon Overview and Level Annotations

Branches:
Dungeon (1/15)

Altars:


Innate Abilities, Weirdness & Mutations

You cannot wear armour.
You are incapable of wielding weapons or throwing items.
You have sharp claws.
You have razor-sharp teeth.
You have supernaturally acute eyesight.
You are carnivorous and can eat meat at any time.
You cover ground quickly.
You are covered in fur (AC +1).
You have a slow metabolism.
Your sharp claws are effective at attacking unaware monsters.


Message History

You are too injured to fight recklessly!
The goblin throws a stone.
The stone misses you.
You see here a stone.
Casting: Summon Small Mammal
Confirm with . or Enter, or press ? or * to list all spells.
Your rat bites the goblin but does no damage.
The goblin throws a stone.
The stone barely misses you.
Your rat disappears in a puff of smoke!
Your bat hits the goblin but does no damage.
The goblin throws a stone.
The stone barely misses your bat. The stone completely misses you.
Your bat hits the goblin but does no damage. x2
The goblin throws a stone.
The stone closely misses your bat. The stone closely misses you.
You see here a stone.
Casting: Summon Small Mammal
Confirm with . or Enter, or press ? or * to list all spells.
Your bat barely misses the goblin.
The goblin throws a stone.
The stone hits you.
You die...

##...## #.# #...# #.# ##...## #.#
### #8...8# ###.##### ..####
####(..#### ###.......#
...#8###8##(..##8###8#.#.###.#
...............(.bg......###.####
.................).(.............
................@r........##.####
#.##8###8##...##8###8####..#.#
#..### ####(..######### #....#
##r#### #8...8# #.##.###>####
#.....# ##...####.##.....# #
#.....# #...##......##.## #
#.....# ##...###..#####'## ###
#†....# #8...8##..# ##...## #..
#.....# ###...##...###.....## #.#


You could see a goblin, a friendly quokka and a friendly bat.

Vanquished Creatures
  An ooze (D:1)
  A giant gecko (D:1)
  A giant cockroach (D:1)
  A goblin (D:1)
  A hobgoblin (D:1)
  2 kobolds (D:1)
  A giant newt (D:1)
  4 rats (D:1)
12 creatures vanquished.

Vanquished Creatures (collateral kills)
  An adder (D:1)
  A giant cockroach (D:1)
  2 goblins (D:1)
  2 hobgoblins (D:1)
  A kobold (D:1)
  A giant newt (D:1)
8 creatures vanquished.

Grand Total: 20 creatures vanquished

Notes
Turn   | Place    | Note
--------------------------------------------------------------
     0 | D:1      | Banto the Felid Summoner began the quest for the Orb.
     0 | D:1      | Reached XP level 1. HP: 7/7 MP: 4/4
   486 | D:1      | Reached XP level 2. HP: 6/11 MP: 1/6
  1102 | D:1      | Reached skill level 1 in Unarmed Combat
  1573 | D:1      | Reached XP level 3. HP: 8/14 MP: 5/7
  1584 | D:1      | Hit by a stone thrown by a goblin

Vault maps used:
D:1:      dpeg_arrival_simpleton_b, wad_floor_pattern_1, corexii_hall_statues_x

Action                   || total
-------------------------++-------
Melee: Unarmed           ||    48
 Cast: Summon Small Mamm ||    21
 Stab: Sleeping          ||     3
  Eat: Chunk             ||     9
